 Dungeon Crawl Stone Soup version 0.18.1-47-g9310371 (webtiles) character file.

42525 nikopol the Spear-Bearer (level 13, -3/117 HPs)
             Began as a Minotaur Berserker on June 23, 2016.
             Was a High Priest of Trog.
             Slain by a five-headed hydra (8 damage)
             ... on level 7 of the Lair of Beasts.
             The game lasted 00:55:03 (21517 turns).

nikopol the Spear-Bearer (Minotaur Berserker)      Turns: 21517, Time: 00:55:04

Health: -3/117     AC: 12    Str: 24    XL:     13   Next: 85%
Magic:  12/12      EV: 16    Int:  4    God:    Trog [*****.]
Gold:   918        SH:  0    Dex: 13    Spells: 0 memorised, 12 levels left

rFire  + . .     SeeInvis .     x - +6 whip of Alevaf {speed, +Inv rF+}
rCold  . . .     Gourm    +     v - +0 ring mail
rNeg   . . .     Faith    .     (no shield)
rPois  +         Spirit   .     U - +0 hat
rElec  .         Dismiss  .     r - +0 cloak
rCorr  .         Reflect  .     a - +0 pair of gloves
SustAt .         Harm     .     j - +0 pair of boots
MR     .....                    o - amulet of the gourmand
Stlth  ++........               R - ring of poison resistance
                                A - ring of stealth

@: exhausted, slowed, very slow, not resistant to hostile enchantments,
unstealthy
A: retaliatory headbutt, horns 2, sense surroundings 1
a: Berserk, Trog's Hand, Brothers in Arms, Burn Spellbooks, Renounce Religion,
Evoke Invisibility


You were on level 7 of the Lair of Beasts.
You worshipped Trog.
Trog was extremely pleased with you.
You were very full.

You visited 2 branches of the dungeon, and saw 17 of its levels.
You also visited: Sewer.

You collected 1002 gold pieces.
You spent 84 gold pieces at shops.

Inventory:

Hand Weapons
 c - a +0 shortbow
 x - the +6 whip of Alevaf (weapon) {speed, +Inv rF+}
   (You found it on level 5 of the Dungeon)

   Attacks with this weapon are significantly faster.
   It protects you from fire.
   It lets you turn invisible.
 S - the +5 glaive "Girola Yble" {chop, Dex+4}
   (Trog gifted it to you on level 9 of the Dungeon)

   It inflicts extra damage upon your enemies.
   It affects your dexterity (+4).
Missiles
 k - 214 arrows (quivered)
Armour
 a - a +0 pair of gloves (worn)
 j - a +0 pair of boots (worn)
 r - a +0 cloak (worn)
 v - a +0 ring mail (worn)
 U - a +0 hat (worn)
Jewellery
 o - an amulet of the gourmand (around neck)
 A - a ring of stealth (left hand)
 R - a ring of poison resistance (right hand)
Wands
 y - a wand of paralysis (10/24)
 M - a wand of disintegration (12/24)
Scrolls
 d - a scroll of enchant weapon
 h - 3 scrolls of magic mapping
 i - 4 scrolls of teleportation
 l - a scroll of brand weapon {unknown}
 p - 3 scrolls of fog
 q - 4 scrolls of remove curse
 t - 3 scrolls of blinking
 F - 2 scrolls of random uselessness {unknown}
 H - 6 scrolls of recharging
 I - a scroll of identify
 J - a scroll of vulnerability {unknown}
 L - a scroll of fear
 Q - 2 scrolls of enchant armour {unknown}
Potions
 b - 3 potions of cancellation
 e - a potion of heal wounds
 f - 13 potions of curing
 g - 5 potions of flight
 n - 4 potions of agility
 z - a potion of ambrosia
 B - 2 potions of resistance
 D - 2 potions of haste
 N - 2 potions of magic
 P - 2 potions of invisibility
 T - 2 potions of brilliance
Books
 C - a book of Changes

   Spells                             Type                      Level
   a - Beastly Appendage              Transmutation                1
   b - Sticks to Snakes               Transmutation                2
   c - Spider Form                    Transmutation/Poison         3
   d - Ice Form                       Ice/Transmutation            4
   e - Blade Hands                    Transmutation                5
   Trog disapproves of the use of such an item.
Comestibles
 m - 6 beef jerkies
 s - a slice of pizza
 u - 4 royal jellies
 w - 4 meat rations
 E - 13 bread rations
 G - 28 fruits
 K - 2 chunks of flesh


   Skills:
 + Level 11.7 Fighting
 * Level 12.0 Maces & Flails
 * Level 13.8 Polearms
 * Level 11.2 Bows
 + Level 11.0 Armour
 + Level 10.1 Dodging


You had 12 spell levels left.
You didn't know any spells.

Dungeon Overview and Level Annotations

Branches:
Dungeon (10/15)            Temple (0/1) D:6            Lair (7/8) D:10
  Swamp (0/4) Lair:4       Spider (0/4) Lair:3          Orc (0/2) D:9
  Slime: Lair:6-8

Altars:
Cheibriados
Elyvilon
Fedhas
Gozag
Nemelex Xobeh
Pakellas
Ru
Sif Muna
Xom
Yredelemnul
Zin

Shops:
D:6 **


Innate Abilities, Weirdness & Mutations

You reflexively headbutt those who attack you in melee.
You have a pair of horns on your head.
You passively map a small area around you.


Message History

The five-headed hydra bites you!
* * * LOW HITPOINT WARNING * * *
The five-headed hydra misses you. x3
The five-headed hydra barely misses you.
The five-headed hydra misses you.
The five-headed hydra bites you but does no damage. x2
Drink which item? (? for menu, Esc to quit)
Okay, then.
Your troll goes berserk!
You feel somewhat less full.
The five-headed hydra completely misses you.
The five-headed hydra bites you!
* * * LOW HITPOINT WARNING * * *
The five-headed hydra misses you. The five-headed hydra bites you!
* * * LOW HITPOINT WARNING * * *
The five-headed hydra misses you.
The five-headed hydra closely misses you.
The five-headed hydra bites you but does no damage.
The five-headed hydra bites you!
You die...

### # #########.####### ** *
#######...P##......##.# , *
......#....P.......P..###.#* ,
.....[P........÷............
...............<............,,
............................, ,
............................
................@T.......... ,
................D...........
.........................>..
............................. ,
.....†.......................< ,
.........>..#...............##...
............#.........P.....#....
†...................PP....PP.#≈..
....................PPP....PP....


You could see a five-headed hydra and a friendly troll (berserk).

Vanquished Creatures
  Kirke (Lair:5)
  Maud (D:10)
  8 hydras
  Erica (D:10)
  The ghost of PeterLawrence the Basher, a novice MiFi of Okawaru (D:8)
  A swamp dragon (Lair:7)
  2 hill giants
  Pikel (D:6)
  A griffon (Lair:4)
  An orb spider (Lair:3)
  Joseph (Lair:1)
  6 elephants
  Psyche (D:8)
  4 black mambas
  10 spiny frogs
  12 komodo dragons
  3 trolls
  Grinder (D:6)
  A two-headed ogre (D:7)
  10 blink frogs
  A boulder beetle (Lair:5)
  8 spriggans
  Sigmund (D:3)
  A vampire (D:10)
  21 yaks
  7 hogs (Lair:5)
  2 basilisks
  4 hungry ghosts
  2 hippogriffs
  Menkaure (D:7)
  10 water moccasins
  5 orc warriors
  10 porcupines
  4 sky beasts
  2 phantoms (D:8)
  3 slaves (D:6)
  The ghost of shinobufag the Covered, an amateur MiFi (D:3)
  6 ice beasts
  A black bear (D:6)
  2 ogres
  3 centaurs
  10 crocodiles
  3 big kobolds
  27 giant frogs
  2 scorpions
  10 killer bees
  7 wights (D:8)
  A howler monkey (D:4)
  3 crimson imps
  2 quasits (D:8)
  A giant frog skeleton (D:5)
  5 hounds
  7 orc priests
  3 jellies
  7 centaur skeletons
  10 iguanas
  9 orc wizards
  12 worker ants
  2 killer bee zombies
  13 sheep
  A hound zombie (D:7)
  A howler monkey zombie (D:5)
  9 gnolls
  19 adders
  44 river rats
  A shadow imp (D:10)
  10 oozes
  2 adder zombies
  2 worms
  2 dart slugs
  14 giant geckos
  31 orcs
  12 ball pythons
  4 bats
  16 giant cockroaches
  9 goblins
  5 hobgoblins
  9 jackals
  3 quokkas
  A giant cockroach zombie (D:6)
  14 giant newts
  22 kobolds
  A quokka skeleton (D:9)
  17 rats
545 creatures vanquished.

Vanquished Creatures (others)
  A slave (D:6)
  A centaur (D:6)
  An adder (D:6)
  An orc (D:6)
  50 fungi
  17 plants
71 creatures vanquished.

Grand Total: 616 creatures vanquished

Notes
Turn   | Place    | Note
--------------------------------------------------------------
     0 | D:1      | nikopol the Minotaur Berserker began the quest for the Orb.
     0 | D:1      | Reached XP level 1. HP: 19/19 MP: 0/0
     6 | D:1      | Noticed a hog
     6 | D:1      | Noticed a black mamba
     7 | D:1      | Noticed a rime drake
     7 | D:1      | Noticed an iguana
    88 | D:1      | Reached XP level 2. HP: 23/27 MP: 1/1
   205 | D:1      | Reached skill level 4 in Polearms
   560 | D:2      | Reached ** piety under Trog
   674 | D:2      | Reached XP level 3. HP: 33/33 MP: 2/2
   973 | D:2      | Found a sacrificial altar of Ru.
  1014 | D:2      | Reached XP level 4. HP: 17/40 MP: 3/3
  1332 | D:3      | Noticed shinobufag's ghost (amateur MiFi)
  1337 | D:3      | Killed shinobufag's ghost
  1337 | D:3      | Reached skill level 5 in Polearms
  1337 | D:3      | Reached XP level 5. HP: 26/47 MP: 4/4
  1340 | D:3      | Reached skill level 5 in Fighting
  1432 | D:3      | Reached *** piety under Trog
  1437 | D:3      | Reached XP level 6. HP: 27/56 MP: 5/5
  1448 | D:3      | Found a glowing drain.
  1467 | Sewer    | Entered a sewer
  1961 | Sewer    | Reached **** piety under Trog
  2258 | Sewer    | Reached skill level 5 in Armour
  2266 | Sewer    | Reached XP level 7. HP: 54/62 MP: 6/6
  2580 | D:3      | Noticed Sigmund
  2589 | D:3      | Killed Sigmund
  2589 | D:3      | Reached skill level 6 in Polearms
  3021 | D:3      | Found an oddly glowing altar of Pakellas.
  3189 | D:4      | Reached skill level 5 in Dodging
  3345 | D:4      | Found a deep blue altar of Sif Muna.
  3368 | D:4      | Reached XP level 8. HP: 63/71 MP: 7/7
  3670 | D:5      | Entered Level 5 of the Dungeon
  3674 | D:5      | Reached ***** piety under Trog
  3758 | D:5      | Reached skill level 7 in Polearms
  3842 | D:5      | Found an opulent altar of Gozag.
  3896 | D:5      | Got a jewelled whip
  3897 | D:5      | Identified the +6 whip of Alevaf {speed, +Inv rF+} (You found it on level 5 of the Dungeon)
  3988 | D:5      | Reached skill level 1 in Maces & Flails
  4145 | D:5      | Found a blossoming altar of Fedhas.
  4196 | D:6      | Found a sparkling altar of Nemelex Xobeh.
  4582 | D:6      | Found Vumen's General Store.
  4593 | D:6      | Bought a scroll of teleportation for 36 gold pieces
  4593 | D:6      | Bought a scroll of identify for 24 gold pieces
  4593 | D:6      | Bought a scroll of identify for 24 gold pieces
  4640 | D:6      | Found a staircase to the Ecumenical Temple.
  4678 | D:6      | Reached XP level 9. HP: 74/81 MP: 8/8
  4819 | D:6      | Found a snail-covered altar of Cheibriados.
  4891 | D:6      | Found Zin's Purification Station.
  4893 | D:6      | Found a glowing silver altar of Zin.
  4910 | D:6      | Noticed a hill giant
  4917 | D:6      | Killed a hill giant
  4917 | D:6      | Reached skill level 8 in Polearms
  4984 | D:6      | Noticed Pikel
  4990 | D:6      | Killed Pikel
  5182 | D:6      | Noticed Grinder
  5188 | D:6      | Paralysed by Grinder for 4 turns
  5197 | D:6      | Killed Grinder
  5197 | D:6      | Reached skill level 9 in Polearms
  5404 | D:7      | Reached skill level 5 in Maces & Flails
  5437 | D:7      | Noticed Menkaure
  5446 | D:7      | Killed Menkaure
  5775 | D:7      | Reached XP level 10. HP: 90/90 MP: 9/9
  6084 | D:7      | Received a gift from Trog
  6453 | D:8      | Noticed PeterLawrence's ghost (novice MiFi)
  6481 | D:8      | Killed PeterLawrence's ghost
  6554 | D:8      | Reached skill level 5 in Bows
  6610 | D:8      | Reached skill level 10 in Polearms
  6963 | D:8      | Noticed Psyche
  6979 | D:8      | Killed Psyche
  7031 | D:8      | Found a white marble altar of Elyvilon.
  7388 | D:8      | Found a basalt altar of Yredelemnul.
  7649 | D:9      | Received a gift from Trog
  8055 | D:9      | Reached XP level 11. HP: 22/97 MP: 10/10
  8068 | D:9      | Found a staircase to the Orcish Mines.
  8453 | D:9      | Received a gift from Trog
  8769 | D:9      | Found a white marble altar of Elyvilon.
  8969 | D:9      | Received a gift from Trog
  8972 | D:9      | Got a faintly glowing glaive {god gift}
  8973 | D:9      | Identified the +5 glaive "Girola Yble" {chop, Dex+4} (Trog gifted it to you on level 9 of the Dungeon)
  9048 | D:10     | Entered Level 10 of the Dungeon
  9053 | D:10     | Noticed Erica
  9069 | D:10     | Killed Erica
  9249 | D:10     | Noticed Maud
  9265 | D:10     | Killed Maud
  9265 | D:10     | Reached skill level 11 in Polearms
  9502 | D:10     | Reached ****** piety under Trog
  9518 | D:10     | Found a staircase to the Lair.
  9587 | D:10     | Found a shimmering altar of Xom.
  9632 | D:10     | Reached skill level 10 in Fighting
  9695 | D:10     | Noticed a hill giant
  9711 | D:10     | Killed a hill giant
 10343 | Lair:1   | Entered Level 1 of the Lair of Beasts
 11241 | Lair:1   | Noticed Joseph
 11262 | Lair:1   | Killed Joseph
 11639 | Lair:1   | Reached XP level 12. HP: 105/106 MP: 11/11
 12337 | Lair:1   | Reached skill level 12 in Polearms
 13398 | Lair:2   | Received a gift from Trog
 13572 | Lair:2   | Gained mutation: You passively map a small area around you. [potion of beneficial mutation]
 13614 | Lair:2   | Reached skill level 10 in Armour
 14151 | Lair:2   | Reached skill level 10 in Maces & Flails
 15081 | Lair:3   | Received a gift from Trog
 15272 | Lair:3   | Found a hole to the Spider Nest.
 16643 | Lair:4   | Noticed an eight-headed hydra
 16804 | Lair:4   | Killed an eight-headed hydra
 16954 | Lair:4   | Found a staircase to the Swamp.
 17001 | Lair:4   | Reached skill level 10 in Bows
 17010 | Lair:4   | Reached XP level 13. HP: 87/116 MP: 12/12
 17215 | Lair:4   | Reached skill level 13 in Polearms
 19149 | Lair:5   | Noticed Kirke
 19172 | Lair:5   | Killed Kirke
 19496 | Lair:5   | Received a gift from Trog
 20085 | Lair:5   | Reached skill level 10 in Dodging
 21132 | Lair:6   | You fall through a shaft!
 21162 | Lair:6   | Received a gift from Trog
 21516 | Lair:7   | HP: 5/117 [five-headed hydra (7)]
 21517 | Lair:7   | Slain by a five-headed hydra

Skill      XL: |  1  2  3  4  5  6  7  8  9 10 11 12 13 |
---------------+----------------------------------------+-----
Polearms       | 4 5 6 7 9 10 11 12 13 | 13.8
Armour         | 3 4 5 6 7 8 9 10 11 | 11.0
Fighting       | 4 5 6 7 8 9 10 11 | 11.7
Dodging        | 3 4 5 6 7 8 9 10 | 10.1
Maces & Flails | 2 5 7 9 10 12 | 12.0
Bows           | 3 5 8 10 11 | 11.2

Action                   |  1- 3 |  4- 6 |  7- 9 | 10-12 | 13-15 || total
-------------------------+-------+-------+-------+-------+-------++-------
Melee: Spear             |    92 |   159 |    38 |       |       ||   289
       Headbutt          |     9 |    15 |    31 |   166 |    98 ||   319
       Trident           |       |       |   202 |    75 |       ||   277
       Whip              |       |       |       |   748 |   306 ||  1054
 Fire: Shortbow          |       |       |     3 |   518 |   188 ||   709
Invok: Berserk           |       |     1 |     3 |     6 |     4 ||    14
       Burn Spellbooks   |       |       |       |     3 |     1 ||     4
       Brothers in Arms  |       |       |       |       |     1 ||     1
  Use: Scroll            |       |     6 |    10 |    10 |       ||    26
       Potion            |       |     1 |       |     1 |     1 ||     3
 Stab: Sleeping          |       |       |     3 |     1 |       ||     4
       Distracted        |       |       |     1 |       |       ||     1
  Eat: Chunk             |     4 |    12 |    22 |    46 |    18 ||   102
Armor: Animal skin       |     4 |       |       |       |       ||     4
       Leather armour    |     3 |    29 |     3 |       |       ||    35
       Ring mail         |       |       |    47 |   128 |    79 ||   254
Dodge: Dodged            |    36 |    85 |    89 |   371 |   184 ||   765
